General information
- name: BNet
- type: Ladder team game (AT/RT)
- host: Battle.net
- saver: Sylink
map: FullScaleAssault
- players: 8
- length: 37:21
- speed: Fast
- version: 1.23 W3XP
- replay type: Public
» download(282 KB)
Players
team 1 (loser)
iLLumined (
blue | 81 APM | 3014 actions | 37:20)
7 Blademaster
3 Wind Walk
3 Critical Strike
1 Bladestorm
» actions
| Assign group hotkey | 60 | |
| Basic commands | 144 | |
| Build / train | 86 | |
| ESC pressed | 5 | |
| Enter build submenu | 21 | |
| Enter hero's abilities submenu | 10 | |
| Give item / drop item | 2 | |
| Right click | 1371 | |
| Select / deselect | 491 | |
| Select group hotkey | 710 | |
| Use ability | 113 | |
3014 total
» units
| Peon | 19 | |
| Grunt | 6 | |
| Troll Witch Doctor | 12 | |
| Shaman | 12 | |
| Demolisher | 4 | |
| Goblin Zeppelin | 4 | |
| Tauren | 8 | |
65 total
» upgrades
| Shaman Training | 3 | |
| Witch Doctor Training | 2 | |
| Burning Oil | 1 | |
| Ranged Weapons | 1 | |
| Pillage | 1 | |
8 total
» buildings
| Altar of Storms | 1 | |
| Orc Burrow | 8 | |
| Barracks | 1 | |
| War Mill | 1 | |
| Watch Tower | 1 | |
| Stronghold | 1 | |
| Voodoo Lounge | 1 | |
| Spirit Lodge | 3 | |
| Fortress | 1 | |
| Great Hall | 1 | |
19 total
» build order
00:13 Altar of Storms
00:18 Orc Burrow
00:39 Barracks
01:41 Orc Burrow
01:45 Orc Burrow
02:12 War Mill
02:31 Orc Burrow
03:32 Watch Tower
04:36 Stronghold
05:14 Voodoo Lounge
05:18 Orc Burrow
06:23 Orc Burrow
07:00 Spirit Lodge
07:02 Spirit Lodge
07:04 Spirit Lodge
07:36 Orc Burrow
07:37 Orc Burrow
09:27 Fortress
18:59 Great Hall
» items

»
iTECHnTOWER (
green | 54 APM | 1883 actions | 34:50)
6 Blademaster
2 Wind Walk
3 Critical Strike
1 Bladestorm
6 Shadow Hunter
3 Healing Wave
2 Hex
1 Big Bad Voodoo
» actions
| Assign group hotkey | 31 | |
| Basic commands | 206 | |
| Build / train | 81 | |
| ESC pressed | 10 | |
| Enter build submenu | 17 | |
| Enter hero's abilities submenu | 13 | |
| Give item / drop item | 2 | |
| Right click | 471 | |
| Select / deselect | 629 | |
| Select group hotkey | 303 | |
| Use ability | 117 | |
1883 total
» units
| Peon | 10 | |
| Troll Batrider | 11 | |
| Wind Rider | 9 | |
| Demolisher | 7 | |
| Blue Dragon | 2 | |
| Goblin Zeppelin | 2 | |
| Tauren | 6 | |
47 total
» upgrades
| Ranged Weapons | 3 | |
| Armor | 3 | |
| Liquid Fire | 1 | |
| Envenomed Spears | 1 | |
| Burning Oil | 1 | |
| Reinforced Defenses | 1 | |
10 total
» buildings
| Altar of Storms | 1 | |
| Orc Burrow | 7 | |
| War Mill | 1 | |
| Stronghold | 3 | |
| Voodoo Lounge | 1 | |
| Beastiary | 2 | |
| Fortress | 1 | |
| Great Hall | 1 | |
| Barracks | 2 | |
19 total
» build order
00:08 Altar of Storms
00:12 Orc Burrow
01:30 War Mill
02:39 Stronghold
02:40 Stronghold
02:40 Stronghold
02:59 Voodoo Lounge
03:07 Orc Burrow
04:57 Orc Burrow
05:21 Beastiary
05:23 Beastiary
05:25 Fortress
07:04 Orc Burrow
09:10 Orc Burrow
10:09 Great Hall
16:28 Barracks
16:32 Barracks
17:49 Orc Burrow
21:36 Orc Burrow
» items
| Lesser Clarity Potion | 1 | |
| Healing Salve | 1 | |
| Scroll of Town Portal | 2 | |
| Orb of Lightning | 2 | |
6 total

»
Zoness (
purple | 75 APM | 2570 actions | 34:19)
6 Dark Ranger
3 Black Arrow
2 Silence
1 Charm
5 Death Knight
3 Death Coil
2 Unholy Aura
» actions
| Assign group hotkey | 32 | |
| Basic commands | 524 | |
| Build / train | 71 | |
| ESC pressed | 3 | |
| Enter build submenu | 26 | |
| Enter hero's abilities submenu | 12 | |
| Give item / drop item | 2 | |
| Remove unit from queue | 1 | |
| Right click | 966 | |
| Select / deselect | 536 | |
| Select group hotkey | 305 | |
| Use ability | 92 | |
2570 total
» units
| Acolyte | 12 | |
| Ghoul | 3 | |
| Crypt Fiend | 17 | |
| Obsidian Statue | 2 | |
| Frost Wyrm | 3 | |
| Goblin Zeppelin | 3 | |
| Meatwagon | 2 | |
42 total
» upgrades
| Web | 1 | |
| Creature Attack | 3 | |
| Creature Carapace | 3 | |
| Destroyer Form | 1 | |
| Freezing Breath | 1 | |
9 total
» buildings
| Graveyard | 1 | |
| Crypt | 1 | |
| Ziggurat | 9 | |
| Altar of Darkness | 1 | |
| Tomb of Relics | 2 | |
| Halls of the Dead | 1 | |
| Black Citadel | 1 | |
| Slaughterhouse | 1 | |
| Spirit Tower | 1 | |
| Sacrificial Pit | 1 | |
| Boneyard | 3 | |
| Necropolis | 1 | |
23 total
» build order
00:08 Graveyard
00:10 Crypt
00:42 Ziggurat
01:00 Altar of Darkness
01:53 Tomb of Relics
02:11 Ziggurat
02:56 Halls of the Dead
05:00 Ziggurat
05:51 Black Citadel
06:08 Ziggurat
07:30 Slaughterhouse
07:40 Ziggurat
08:29 Spirit Tower
12:19 Sacrificial Pit
12:50 Ziggurat
14:27 Ziggurat
14:28 Ziggurat
14:29 Ziggurat
14:58 Boneyard
15:40 Boneyard
15:42 Boneyard
27:21 Necropolis
30:12 Tomb of Relics
» items
| Rod of Necromancy | 1 | |
| Scroll of Town Portal | 1 | |
| Staff of Teleportation | 1 | |
3 total
Bullets-KO (
yellow | 42 APM | 1008 actions | 24:10)
4 Blademaster
2 Critical Strike
2 Wind Walk
» actions
| Basic commands | 2 | |
| Build / train | 63 | |
| Enter build submenu | 16 | |
| Enter hero's abilities submenu | 4 | |
| Remove unit from queue | 2 | |
| Right click | 670 | |
| Select / deselect | 217 | |
| Use ability | 34 | |
1008 total
» units
| Peon | 16 | |
| Grunt | 16 | |
| Demolisher | 2 | |
| Tauren | 8 | |
42 total
» upgrades
| Melee Weapons | 3 | |
| Armor | 2 | |
| Pillage | 1 | |
| Burning Oil | 1 | |
| Pulverize | 1 | |
8 total
» buildings
| Altar of Storms | 1 | |
| Orc Burrow | 8 | |
| Barracks | 1 | |
| War Mill | 1 | |
| Voodoo Lounge | 1 | |
| Great Hall | 1 | |
| Stronghold | 1 | |
| Fortress | 1 | |
| Tauren Totem | 2 | |
| Watch Tower | 1 | |
18 total
» build order
00:07 Altar of Storms
00:10 Orc Burrow
00:42 Barracks
01:51 Orc Burrow
01:58 War Mill
03:29 Voodoo Lounge
03:51 Orc Burrow
05:21 Orc Burrow
08:12 Great Hall
09:00 Orc Burrow
09:31 Stronghold
12:04 Fortress
13:07 Orc Burrow
13:08 Orc Burrow
14:54 Tauren Totem
14:56 Tauren Totem
18:58 Watch Tower
23:21 Orc Burrow
» items
| Healing Salve | 1 | |
| Lesser Clarity Potion | 2 | |
| Scroll of Speed | 1 | |
4 total
team 2 (winner)
Sylink (
orange | 74 APM | 2782 actions | 37:21)
6 Archmage
3 Blizzard
2 Brilliance Aura
1 Mass Teleport
3 Pandaren Brewmaster
2 Breath of Fire
1 Drunken Brawler
» actions
| Assign group hotkey | 5 | |
| Basic commands | 63 | |
| Build / train | 193 | |
| Enter build submenu | 136 | |
| Enter hero's abilities submenu | 9 | |
| Give item / drop item | 4 | |
| Right click | 784 | |
| Select / deselect | 620 | |
| Select group hotkey | 612 | |
| Use ability | 356 | |
2782 total
» units
| Peasant | 32 | |
| Goblin Shredder | 3 | |
| Goblin Zeppelin | 1 | |
36 total
» upgrades
| Masonry | 3 | |
| Magic Sentry | 1 | |
| Lumber Harvesting | 2 | |
6 total
» buildings
| Altar of Kings | 1 | |
| Farm | 3 | |
| Lumber Mill | 1 | |
| Scout Tower | 233 | |
| Guard Tower | 104 | |
| Arcane Vault | 2 | |
| Arcane Tower | 4 | |
| Town Hall | 4 | |
| Keep | 1 | |
| Arcane Sanctum | 1 | |
| Castle | 1 | |
355 total
» build order
00:03 Altar of Kings
00:06 Farm
00:29 Lumber Mill
01:22 Scout Tower
01:23 Scout Tower
02:01 Guard Tower
02:18 Guard Tower
02:20 Scout Tower
02:21 Scout Tower
02:26 Farm
02:46 Arcane Vault
02:49 Scout Tower
02:51 Guard Tower
03:06 Farm
03:16 Guard Tower
03:37 Guard Tower
03:39 Scout Tower
04:24 Scout Tower
04:32 Scout Tower
04:55 Arcane Tower
04:56 Scout Tower
05:04 Arcane Tower
05:06 Scout Tower
05:08 Scout Tower
05:09 Scout Tower
05:10 Arcane Tower
05:14 Guard Tower
05:15 Scout Tower
05:16 Scout Tower
05:35 Scout Tower
05:42 Guard Tower
05:44 Guard Tower
05:48 Scout Tower
05:48 Scout Tower
06:00 Arcane Tower
06:02 Scout Tower
06:29 Town Hall
06:39 Guard Tower
06:45 Scout Tower
06:50 Scout Tower
06:52 Guard Tower
06:57 Guard Tower
07:34 Keep
07:48 Guard Tower
07:51 Scout Tower
07:53 Scout Tower
07:59 Scout Tower
08:41 Scout Tower
08:42 Scout Tower
08:46 Guard Tower
08:53 Guard Tower
09:02 Guard Tower
09:05 Scout Tower
09:13 Scout Tower
09:14 Scout Tower
09:15 Scout Tower
09:31 Scout Tower
09:32 Scout Tower
09:58 Scout Tower
09:59 Guard Tower
10:02 Guard Tower
10:05 Scout Tower
10:06 Scout Tower
10:09 Scout Tower
10:13 Guard Tower
10:30 Arcane Sanctum
10:32 Guard Tower
10:39 Guard Tower
10:58 Guard Tower
11:01 Guard Tower
11:04 Arcane Vault
11:12 Guard Tower
11:19 Guard Tower
11:22 Scout Tower
11:22 Scout Tower
11:25 Guard Tower
11:37 Scout Tower
11:37 Scout Tower
11:38 Scout Tower
11:53 Scout Tower
11:53 Scout Tower
11:57 Scout Tower
11:57 Scout Tower
12:00 Scout Tower
12:01 Scout Tower
12:18 Guard Tower
12:20 Scout Tower
12:21 Scout Tower
12:21 Scout Tower
12:45 Guard Tower
12:55 Guard Tower
12:57 Scout Tower
12:58 Scout Tower
12:59 Scout Tower
13:00 Guard Tower
13:01 Scout Tower
13:06 Scout Tower
13:06 Scout Tower
13:07 Scout Tower
13:09 Guard Tower
13:41 Guard Tower
13:42 Scout Tower
13:43 Scout Tower
14:16 Scout Tower
14:17 Guard Tower
14:19 Guard Tower
14:21 Scout Tower
14:37 Scout Tower
14:38 Scout Tower
14:52 Castle
14:55 Guard Tower
14:56 Scout Tower
14:57 Scout Tower
15:03 Guard Tower
15:06 Scout Tower
15:07 Scout Tower
15:37 Guard Tower
15:41 Town Hall
15:56 Guard Tower
15:57 Scout Tower
15:57 Scout Tower
15:58 Scout Tower
16:42 Guard Tower
16:43 Scout Tower
16:44 Scout Tower
17:10 Guard Tower
17:12 Scout Tower
17:13 Guard Tower
17:45 Scout Tower
17:46 Scout Tower
17:46 Scout Tower
17:48 Guard Tower
18:10 Guard Tower
18:18 Guard Tower
18:38 Guard Tower
18:47 Scout Tower
18:48 Scout Tower
19:08 Guard Tower
19:28 Scout Tower
19:29 Scout Tower
19:30 Scout Tower
19:30 Scout Tower
19:39 Scout Tower
19:40 Scout Tower
19:41 Scout Tower
19:41 Scout Tower
19:48 Guard Tower
20:03 Scout Tower
20:04 Scout Tower
20:07 Scout Tower
20:21 Scout Tower
20:22 Scout Tower
20:23 Scout Tower
20:28 Scout Tower
20:29 Scout Tower
20:37 Guard Tower
20:44 Scout Tower
20:46 Scout Tower
20:47 Scout Tower
21:04 Guard Tower
21:06 Scout Tower
21:07 Scout Tower
21:08 Scout Tower
21:08 Scout Tower
21:15 Guard Tower
21:20 Guard Tower
21:21 Scout Tower
21:22 Scout Tower
21:30 Guard Tower
21:32 Scout Tower
21:32 Scout Tower
21:33 Scout Tower
21:41 Guard Tower
21:50 Scout Tower
21:50 Scout Tower
21:51 Scout Tower
21:54 Guard Tower
21:56 Scout Tower
21:57 Scout Tower
21:58 Scout Tower
21:59 Scout Tower
22:00 Scout Tower
22:00 Scout Tower
22:08 Town Hall
22:11 Guard Tower
22:15 Guard Tower
22:16 Scout Tower
22:17 Scout Tower
22:17 Scout Tower
22:20 Guard Tower
22:23 Scout Tower
22:24 Scout Tower
22:24 Scout Tower
22:25 Scout Tower
22:35 Guard Tower
22:38 Guard Tower
22:48 Scout Tower
22:48 Scout Tower
22:49 Scout Tower
22:51 Guard Tower
23:12 Guard Tower
23:14 Scout Tower
23:14 Scout Tower
23:15 Scout Tower
23:17 Guard Tower
23:19 Scout Tower
23:19 Scout Tower
23:19 Scout Tower
23:23 Guard Tower
23:29 Guard Tower
23:30 Scout Tower
23:31 Scout Tower
23:34 Guard Tower
23:45 Guard Tower
23:58 Guard Tower
24:07 Guard Tower
24:10 Scout Tower
24:10 Scout Tower
24:11 Scout Tower
24:12 Guard Tower
24:19 Guard Tower
24:23 Scout Tower
24:23 Scout Tower
24:23 Scout Tower
24:42 Guard Tower
24:46 Guard Tower
24:49 Scout Tower
24:49 Scout Tower
24:50 Scout Tower
24:53 Scout Tower
24:54 Scout Tower
24:59 Guard Tower
25:01 Scout Tower
25:01 Scout Tower
25:02 Scout Tower
25:03 Scout Tower
25:32 Guard Tower
25:34 Scout Tower
25:34 Scout Tower
25:49 Guard Tower
25:51 Scout Tower
25:52 Scout Tower
25:52 Scout Tower
26:00 Scout Tower
26:01 Scout Tower
26:01 Scout Tower
26:06 Guard Tower
26:08 Scout Tower
26:09 Scout Tower
26:09 Scout Tower
26:12 Guard Tower
26:14 Scout Tower
26:15 Scout Tower
26:15 Scout Tower
26:35 Guard Tower
27:00 Guard Tower
27:01 Guard Tower
27:03 Scout Tower
27:03 Scout Tower
27:03 Scout Tower
27:08 Guard Tower
27:18 Guard Tower
27:23 Guard Tower
27:32 Guard Tower
27:33 Scout Tower
27:41 Guard Tower
27:44 Scout Tower
27:44 Scout Tower
27:45 Scout Tower
27:46 Scout Tower
27:47 Scout Tower
27:47 Scout Tower
28:09 Guard Tower
28:29 Scout Tower
28:29 Scout Tower
28:30 Scout Tower
28:32 Scout Tower
28:42 Guard Tower
29:29 Guard Tower
29:35 Scout Tower
29:37 Scout Tower
29:38 Scout Tower
29:40 Scout Tower
29:40 Scout Tower
29:57 Guard Tower
30:19 Guard Tower
30:22 Town Hall
30:23 Scout Tower
30:24 Scout Tower
30:25 Scout Tower
30:26 Scout Tower
30:32 Guard Tower
30:35 Scout Tower
30:35 Scout Tower
30:36 Scout Tower
30:37 Scout Tower
30:41 Scout Tower
30:51 Guard Tower
30:55 Scout Tower
30:55 Scout Tower
31:01 Guard Tower
31:03 Scout Tower
31:03 Scout Tower
31:14 Guard Tower
31:30 Guard Tower
31:31 Scout Tower
31:32 Scout Tower
31:32 Scout Tower
31:34 Guard Tower
31:49 Scout Tower
31:50 Guard Tower
31:59 Scout Tower
32:00 Scout Tower
32:01 Guard Tower
32:29 Scout Tower
32:29 Scout Tower
32:31 Guard Tower
33:01 Guard Tower
33:10 Guard Tower
33:13 Scout Tower
33:13 Scout Tower
33:14 Scout Tower
33:15 Scout Tower
34:43 Guard Tower
35:02 Guard Tower
35:03 Scout Tower
35:43 Guard Tower
35:45 Scout Tower
36:20 Guard Tower
36:23 Scout Tower
36:24 Scout Tower
36:24 Scout Tower
36:24 Scout Tower
36:25 Scout Tower
36:31 Scout Tower
36:32 Scout Tower
36:32 Scout Tower
36:33 Scout Tower
36:34 Scout Tower
36:35 Scout Tower
36:36 Scout Tower
36:36 Scout Tower
36:42 Scout Tower
36:42 Scout Tower
36:43 Scout Tower
36:46 Scout Tower
36:46 Scout Tower
36:47 Scout Tower
36:51 Scout Tower
36:52 Scout Tower
36:53 Scout Tower
36:53 Scout Tower
36:54 Scout Tower
36:54 Scout Tower
» items
| Scroll of Regeneration | 5 | |
| Ivory Tower | 13 | |
| Boots of Speed | 2 | |
| Scroll of Town Portal | 2 | |
| Staff of Teleportation | 2 | |
| Orb of Fire | 1 | |
| Staff of Sanctuary | 1 | |
| Potion of Healing | 3 | |
| Potion of Mana | 1 | |
30 total

»
On.top (
pink | 69 APM | 2577 actions | 37:21)
6 Tauren Chieftain
3 Endurance Aura
2 War Stomp
1 Reincarnation
4 Blademaster
2 Wind Walk
2 Critical Strike
» actions
| Assign group hotkey | 31 | |
| Basic commands | 121 | |
| Build / train | 96 | |
| Enter build submenu | 30 | |
| Enter hero's abilities submenu | 10 | |
| Give item / drop item | 3 | |
| Remove unit from queue | 3 | |
| Right click | 798 | |
| Select / deselect | 292 | |
| Select group hotkey | 1110 | |
| Use ability | 83 | |
2577 total
» units
| Peon | 13 | |
| Grunt | 6 | |
| Troll Witch Doctor | 3 | |
| Shaman | 4 | |
| Tauren | 9 | |
| Spirit Walker | 2 | |
37 total
» upgrades
| Pillage | 1 | |
| Melee Weapons | 3 | |
| Armor | 3 | |
| Reinforced Defenses | 1 | |
| Spiked Barricades | 3 | |
| Shaman Training | 2 | |
| Witch Doctor Training | 2 | |
| Pulverize | 1 | |
| Spirit Walker Training | 2 | |
| Ranged Weapons | 1 | |
19 total
» buildings
| Altar of Storms | 1 | |
| Orc Burrow | 8 | |
| Barracks | 1 | |
| Voodoo Lounge | 2 | |
| War Mill | 1 | |
| Stronghold | 1 | |
| Watch Tower | 8 | |
| Fortress | 1 | |
| Great Hall | 2 | |
| Spirit Lodge | 2 | |
| Tauren Totem | 2 | |
29 total
» build order
00:08 Altar of Storms
00:26 Orc Burrow
01:09 Barracks
01:44 Orc Burrow
01:51 Voodoo Lounge
03:41 War Mill
03:53 Orc Burrow
06:17 Stronghold
06:30 Orc Burrow
08:11 Watch Tower
09:26 Fortress
09:33 Watch Tower
09:37 Watch Tower
09:51 Watch Tower
09:58 Watch Tower
11:04 Great Hall
11:12 Great Hall
11:47 Watch Tower
12:16 Spirit Lodge
12:26 Tauren Totem
13:04 Tauren Totem
13:35 Spirit Lodge
14:50 Watch Tower
14:57 Watch Tower
18:54 Orc Burrow
20:29 Orc Burrow
20:33 Orc Burrow
22:56 Orc Burrow
27:57 Voodoo Lounge
» items
| Healing Salve | 3 | |
| Scroll of Speed | 1 | |
| Dust of Appearance | 1 | |
| Orb of Lightning | 2 | |
| Potion of Healing | 8 | |
| Potion of Mana | 2 | |
| Staff of Teleportation | 1 | |
| Orb of Fire | 1 | |
| Orb of Corruption | 1 | |
| Scroll of Town Portal | 1 | |
21 total

»
Xx-Yokiba-xX (
teal | 39 APM | 1460 actions | 37:21)
6 Death Knight
3 Death Coil
2 Death Pact
1 Animate Dead
» actions
| Assign group hotkey | 13 | |
| Basic commands | 53 | |
| Build / train | 73 | |
| ESC pressed | 7 | |
| Enter build submenu | 36 | |
| Enter hero's abilities submenu | 6 | |
| Give item / drop item | 4 | |
| Right click | 665 | |
| Select / deselect | 405 | |
| Select group hotkey | 106 | |
| Use ability | 92 | |
1460 total
» units
| Acolyte | 8 | |
| Ghoul | 6 | |
| Crypt Fiend | 14 | |
| Goblin Shredder | 1 | |
| Frost Wyrm | 6 | |
| Goblin Zeppelin | 1 | |
36 total
» upgrades
| Creature Attack | 3 | |
| Creature Carapace | 3 | |
| Web | 1 | |
| Freezing Breath | 1 | |
| Stone Form | 1 | |
| Ghoul Frenzy | 1 | |
| Cannibalize | 1 | |
| Burrow | 1 | |
| Unholy Strength | 2 | |
| Backpack | 1 | |
| Disease Cloud | 1 | |
| Destroyer Form | 1 | |
| Exhume Corpses | 1 | |
| Skeletal Mastery | 1 | |
| Skeletal Longevity | 1 | |
| Banshee Training | 1 | |
| Unholy Armor | 1 | |
22 total
» buildings
| Altar of Darkness | 1 | |
| Ziggurat | 13 | |
| Crypt | 3 | |
| Graveyard | 1 | |
| Halls of the Dead | 1 | |
| Necropolis | 3 | |
| Black Citadel | 1 | |
| Sacrificial Pit | 1 | |
| Boneyard | 7 | |
| Spirit Tower | 3 | |
| Tomb of Relics | 1 | |
| Slaughterhouse | 2 | |
| Temple of the Damned | 3 | |
40 total
» build order
00:19 Altar of Darkness
00:21 Ziggurat
00:43 Crypt
00:45 Crypt
01:01 Ziggurat
01:24 Graveyard
01:58 Ziggurat
02:48 Crypt
04:41 Halls of the Dead
06:37 Ziggurat
06:46 Ziggurat
08:52 Necropolis
09:04 Black Citadel
09:38 Ziggurat
10:42 Ziggurat
11:15 Ziggurat
11:17 Ziggurat
11:19 Ziggurat
11:28 Ziggurat
12:00 Sacrificial Pit
13:02 Boneyard
13:03 Boneyard
13:05 Boneyard
13:11 Boneyard
13:25 Spirit Tower
13:42 Boneyard
14:27 Spirit Tower
14:32 Ziggurat
14:34 Ziggurat
14:51 Boneyard
15:09 Boneyard
15:53 Spirit Tower
22:52 Tomb of Relics
25:57 Slaughterhouse
25:58 Slaughterhouse
32:31 Necropolis
33:06 Necropolis
35:12 Temple of the Damned
35:22 Temple of the Damned
36:08 Temple of the Damned
» items
Draculacurse (
red | 35 APM | 1303 actions | 37:21)
8 Mountain King
3 Storm Bolt
3 Bash
1 Avatar
1 Thunder Clap
» actions
| Basic commands | 4 | |
| Build / train | 133 | |
| Enter build submenu | 35 | |
| Enter hero's abilities submenu | 8 | |
| Give item / drop item | 2 | |
| Right click | 587 | |
| Select / deselect | 456 | |
| Use ability | 77 | |
1303 total
» units
| Peasant | 25 | |
| Footman | 11 | |
| Rifleman | 5 | |
| Gryphon Rider | 26 | |
| Dragonhawk Rider | 2 | |
| Siege Engine | 5 | |
74 total
» upgrades
| Gunpowder | 3 | |
| Swords | 3 | |
| Armor | 3 | |
| Long Rifles | 1 | |
| Lumber Harvesting | 2 | |
| Masonry | 3 | |
| Storm Hammers | 1 | |
| Animal War Training | 1 | |
| Magic Sentry | 1 | |
| Plating | 2 | |
| Barrage | 1 | |
21 total
» buildings
| Farm | 10 | |
| Altar of Kings | 1 | |
| Barracks | 1 | |
| Lumber Mill | 1 | |
| Blacksmith | 1 | |
| Arcane Vault | 1 | |
| Scout Tower | 11 | |
| Arcane Tower | 3 | |
| Guard Tower | 8 | |
| Town Hall | 2 | |
| Keep | 1 | |
| Castle | 1 | |
| Gryphon Aviary | 4 | |
| Arcane Sanctum | 1 | |
| Workshop | 2 | |
48 total
» build order
00:04 Farm
00:24 Altar of Kings
00:39 Barracks
00:50 Farm
01:36 Farm
02:08 Lumber Mill
02:18 Farm
02:21 Blacksmith
02:59 Farm
03:22 Arcane Vault
03:43 Farm
06:20 Scout Tower
06:50 Arcane Tower
06:53 Scout Tower
07:21 Arcane Tower
07:24 Scout Tower
07:30 Scout Tower
07:51 Arcane Tower
07:53 Guard Tower
08:01 Guard Tower
09:28 Town Hall
10:07 Keep
12:35 Castle
14:08 Gryphon Aviary
14:12 Gryphon Aviary
14:16 Gryphon Aviary
14:57 Scout Tower
15:00 Scout Tower
15:03 Scout Tower
15:08 Scout Tower
15:29 Guard Tower
15:35 Guard Tower
15:37 Scout Tower
15:39 Guard Tower
15:41 Guard Tower
16:11 Guard Tower
16:17 Scout Tower
17:39 Guard Tower
17:42 Gryphon Aviary
18:29 Farm
18:31 Farm
19:43 Farm
19:45 Farm
22:50 Arcane Sanctum
24:49 Scout Tower
27:41 Workshop
30:03 Workshop
36:38 Town Hall
» items
| Scroll of Regeneration | 5 | |
| Scroll of Town Portal | 4 | |
| Potion of Healing | 5 | |
| Orb of Fire | 1 | |
| Potion of Mana | 1 | |
16 total
Chat log
(00:31 / Allies) On.top: grunt tauren
(00:42 / Allies) On.top: fuck
(00:45 / Allies) Draculacurse: griffon
(01:31 / Allies) On.top: they have 2 orc
(01:34 / Allies) On.top: watch out for bats
(01:48 / Allies) Draculacurse: we should rush
(01:53 / Allies) On.top: yes
(02:33 / Allies) Draculacurse: what is that?
(02:35 / Allies) On.top: noooo
(02:37 / Allies) On.top: not this
(02:38 / Allies) Sylink: LOOKS LIKE A TOWER
(02:48 / All) iLLumined: you best get ON TOP OF YORU UFCKING LAG
(02:52 / Allies) On.top: i forgot to plug in im not in for a long game
(02:55 / All) On.top: cry more
(02:59 / All) iLLumined: ya
(03:01 / All) Sylink: what a bitch
(03:02 / All) iLLumined: if i could
(03:03 / All) Sylink: we will
(03:05 / All) iLLumined: dont u think i would pikn?
(04:10 / Allies) Sylink: mega fucking noob
(04:15 / Allies) Sylink: why no arcane towe ryou dumb shit
(04:19 / Allies) On.top: dont call all to arms
(05:10 / Allies) On.top: get back
(05:54 / Allies) Draculacurse: get more towers oj
(05:57 / Allies) Sylink: np
(06:41 / Allies) Sylink: ex[pand
(06:42 / Allies) Sylink: dipshits
(07:15 / Allies) Sylink: any wood
(08:45 / Allies) Xx-Yokiba-xX: really orange? lol
(09:24 / Allies) Sylink: tower your mains
(09:26 / Allies) Sylink: they are massing bats
(09:33 / Allies) On.top: yeah they are
(09:34 / Allies) Xx-Yokiba-xX: kk
(09:42 / All) iLLumined: YA TEAL
(09:49 / All) Xx-Yokiba-xX: ORAGASM!
(09:49 / Allies) Sylink: lagg
(11:30 / Allies) On.top: get defense upgrade for buidings all
(11:33 / Allies) Sylink: 3 orcs suck vs tower
(12:25 / Allies) Sylink: roflll
(12:48 / Allies) Sylink: get anti demo
(12:52 / Allies) Sylink: and wyrm
(13:20 / Allies) Sylink: told you
(13:23 / Allies) Sylink: to upgrade
(13:23 / Allies) Sylink: god
(13:50 / Allies) Xx-Yokiba-xX: why don't you give me gold and lumber
(13:58 / Allies) Sylink: why dont you use your own god dam resources
(14:07 / Allies) Xx-Yokiba-xX: Cause I'm your air defense
(14:38 / Allies) On.top: more towers red
(15:05 / Allies) On.top: lumber?
(15:42 / Allies) Sylink: defend
(16:38 / Allies) Sylink: fight in towers
(17:07 / Allies) Xx-Yokiba-xX: Wyrms coming
(18:04 / Allies) Sylink: siege owned
(18:28 / All) iLLumined: the best offense..
(18:28 / Allies) Sylink: thats how we do ittt
(19:55 / Allies) Sylink: lol
(20:35 / Allies) Xx-Yokiba-xX: Gold please?
(20:45 / Allies) Xx-Yokiba-xX: Thanks
(21:16 / All) iLLumined: god
(21:19 / All) Xx-Yokiba-xX: ?
(21:20 / All) iLLumined: ur lag is only a minute problem
(21:22 / All) iLLumined: compared
(21:24 / All) iLLumined: to those towers
(21:25 / All) iLLumined: lol
(21:44 / Allies) Sylink: lolol
(21:46 / Allies) Xx-Yokiba-xX: lol
(22:31 / Allies) Sylink: take the cliffs
(22:44 / Allies) On.top: build a shop teal
(23:00 / Allies) Sylink: air
(23:37 / Allies) Sylink: i have only 2 heroes lol
(23:46 / Allies) On.top: same
(23:49 / Allies) On.top: but this lag
(23:52 / Allies) On.top: is so annoying
(23:53 / Allies) Sylink: i mean i only have heroes and peasants
(24:12 / All) Sylink: gg
(24:13 / All) Sylink: noobs
(24:27 / Allies) Xx-Yokiba-xX: go pink
(24:29 / All) Sylink: cant handle it
(24:31 / Allies) Xx-Yokiba-xX: I'll back you up
(25:38 / All) Sylink: nice expos guys
(26:19 / All) iLLumined: RUMBLE
(26:24 / All) Sylink: in the jungle
(26:27 / Allies) Sylink: dont lose hereos
(26:31 / Allies) Sylink: remember we have tower fallback
(26:50 / Allies) Xx-Yokiba-xX: All those casters roflmao
(28:02 / Allies) Xx-Yokiba-xX: red clear that please
(28:05 / Allies) Draculacurse: where?
(28:16 / All) Sylink: i own
(28:17 / Allies) Draculacurse: k
(28:45 / Allies) Sylink: defend nigga
(28:50 / Allies) Xx-Yokiba-xX: They're getting somewhere this time
(29:01 / All) iLLumined: great wall of china
(29:21 / Allies) Sylink: caster owned
(29:25 / All) Sylink: nice try guys
(29:33 / All) iLLumined: it was fun lol
(29:54 / All) Sylink: zeppelin landing lol
(30:14 / All) Sylink: nice siege bro
(30:23 / All) iLLumined: no human :(
(30:31 / Allies) Xx-Yokiba-xX: Orange gold please?
(30:38 / Allies) Sylink: nope you dont need
(30:43 / Allies) Xx-Yokiba-xX: Yah I do
(30:45 / Allies) Sylink: get into low upkeep first
(30:49 / Allies) Xx-Yokiba-xX: I'ma bout to lose my other gold mine
(30:56 / Allies) Xx-Yokiba-xX: I did lose it
(30:58 / Allies) Sylink: well i went out and got my own
(31:05 / Allies) Sylink: take that one
(31:28 / All) Sylink: thanks for letting me take all your expos too
(32:03 / All) Sylink: i really need the gold
(32:37 / Allies) Draculacurse: tank coming
(32:40 / Allies) Draculacurse: slowly
(33:17 / Allies) Sylink: top
(34:04 / All) Sylink: MEGANOOOOBS
(34:14 / Allies) On.top: take this potion
(34:18 / Allies) Sylink: ty
(34:26 / All) iTECHnTOWER: SO GAY
(34:27 / All) Sylink: you have charm how useful
(34:29 / All) Sylink: I have zero units
(34:33 / All) Sylink: besides peasants
(34:33 / All) Sylink: gg
(34:38 / All) Sylink: also i towered your cliff expos
(34:39 / All) Sylink: gtfo
(34:44 / All) iLLumined: haha
(34:50 / All) Sylink: i have 10k gold
(34:51 / All) iLLumined: well done
(34:52 / All) Sylink: suck my dick
(34:53 / All) iLLumined: all i have to say
(34:55 / All) iLLumined: gg
(35:00 / All) iLLumined: did u do it cuz weh ave no humans
(35:09 / All) On.top: to beat that
(35:11 / All) Sylink: you can always do it on this map
(35:17 / All) iLLumined: humans?
(35:18 / Allies) On.top: is build a main on our side
(35:21 / All) Sylink: learn to micro really
(35:30 / All) On.top: with a zep and workers
(35:34 / All) iLLumined: well
(35:36 / All) iLLumined: we were gonan do that
(35:37 / All) On.top: I beat this strat all the time
(35:40 / All) Sylink: green tried it
(35:44 / All) iLLumined: lol
(35:52 / All) iLLumined: do u ahve ur whole base
(35:53 / All) Sylink: 34 peasants working away
(36:11 / All) iLLumined: i have to see
(36:12 / All) iLLumined: lol
(36:16 / All) Sylink: go to our zeppelin shop you will find tower line just west
(36:25 / All) iLLumined: haha
(36:58 / All) Sylink: no upkeep entire game
(37:01 / All) iLLumined: lolo
(37:19 / All) iLLumined: gg